 Dungeon Crawl Stone Soup version 0.31-a0-121-g1e386dd289 (webtiles) character file.

Game seed: 14247431140739566121

32682 tilp the Covert (level 13, -3/104 HPs)
             Began as a Vampire Enchanter on May 31, 2023.
             Was a High Priest of Wu Jian.
             Killed from afar by a bog body (24 damage)
             ... with a bolt of cold
             ... on level 2 of the Lair of Beasts.
             The game lasted 00:35:16 (19104 turns).

tilp the Covert (Vampire Enchanter)                Turns: 19104, Time: 00:35:17

Health: -3/104     AC: 19    Str:  9    XL:     13   Next: 32%
Magic:  22/25      EV: 14    Int: 22    God:    Wu Jian [*****.]
Gold:   896        SH:  3    Dex: 15    Spells: 10/28 levels left

rFire   + . .        a - +6 dagger "Kegu" {freeze, rF+ Str+2 SInv}
rCold   . . .        g - +0 buckler
rNeg    . . .        O - +3 leather armour {rPois}
rPois   +            R - +2 helmet
rElec   .            u - +2 cloak
rCorr   .            y - +2 pair of gloves
SInv    +            (no boots)
Will    +....        (no amulet)
Stlth   +++++        v - +4 ring of slaying
HPRegen 0.57/turn    p - +4 ring of protection
MPRegen 0.19/turn

%: no passive effects
@: confusing by touch, healing quickly, slowed, very slow
A: alive, fangs 3, see invisible, vampiric 2
a: Exsanguinate, Renounce Religion, Wall Jump, Serpent's Lash, Heavenly Storm


You were on level 2 of the Lair of Beasts.
You worshipped Wu Jian.
Wu Jian was extremely pleased with you.
You visited 2 branches of the dungeon, and saw 14 of its levels.
You also visited: Sewer and Bailey.

You collected 1256 gold pieces.
You spent 360 gold pieces at shops.

Inventory:

Hand Weapons
 a - the +6 dagger "Kegu" (weapon) {freeze, rF+ Str+2 SInv}
   (You found it on level 2 of the Lair of Beasts)

   Str:       It affects your strength (+2).
   rF:        It protects you from fire.
   SInv:      It lets you see invisible.
 b - the +0 long sword "Xaonis" {flame, rC+ Str+4}
   (You found it on level 8 of the Dungeon)

   Str:       It affects your strength (+4).
   rC:        It protects you from cold.
 z - a +4 scimitar of flaming
 S - a +5 heavy dagger
Missiles
 d - 3 curare-tipped darts
 l - 23 poisoned darts (quivered)
 r - 3 silver boomerangs
 x - 6 boomerangs
Armour
 g - a +0 buckler (worn)
 u - a +2 cloak (worn)
 y - a +2 pair of gloves (worn)
 A - a scarf of invisibility
 L - a scarf of shadows
 O - a +3 leather armour of poison resistance (worn)
 R - a +2 helmet (worn)
Magical Staves
 I - a staff of air
Jewellery
 f - a ring of positive energy
 p - a +4 ring of protection (right hand)
 v - a +4 ring of slaying (left hand)
 B - a ring of willpower
Wands
 c - a wand of mindburst (13)
 q - a wand of roots (12)
 F - a wand of flame (13)
 G - a wand of paralysis (10)
Scrolls
 e - 3 scrolls of enchant armour
 k - 2 scrolls of butterflies
 s - 7 scrolls of teleportation
 t - 3 scrolls of blinking
 w - 2 scrolls of amnesia
 C - 2 scrolls of fog
 H - a scroll of torment
 N - a scroll of vulnerability
 P - a scroll of immolation
Potions
 h - 3 potions of attraction
 i - 3 potions of mutation
 j - 3 potions of haste
 m - 3 potions of brilliance
 n - 2 potions of magic
 o - 8 potions of enlightenment
 E - 2 potions of might
 K - a potion of ambrosia
 M - 2 potions of curing
 Q - a potion of resistance {unknown}


   Skills:
 * Level 10.3 Fighting
 - Level 10.0 Short Blades
 * Level 2.3 Armour
 - Level 8.0 Dodging
 + Level 14.1 Stealth
 + Level 8.4 Spellcasting
 - Level 2.0 Conjurations
 + Level 10.6 Hexes
 - Level 4.0 Translocations
 - Level 4.0 Transmutations
 - Level 2.0 Ice Magic
 - Level 4.0 Evocations


You had 10 spell levels left.
You knew the following spells:

 Your Spells              Type           Power      Damage    Failure   Level
a - Ensorcelled Hibernat  Hex/Ice        74%        N/A       1%          2
b - Confusing Touch       Hex            54%        N/A       1%          3
c - Tukima's Dance        Hex            54%        N/A       1%          3
d - Dazzling Flash        Conj/Hex       74%        N/A       3%          3
e - Yara's Violent Unrav  Hex/Tmut       20%        3d9       21%         5
f - Blink                 Tloc           52%        N/A       4%          2

Your spell library contained the following spells:

 Spells                   Type           Power      Damage    Failure   Level
 Portal Projectile        Hex/Tloc       82%        N/A       2%          3
 Apportation              Tloc           52%        N/A       3%          1
 Beastly Appendage        Tmut           52%        N/A       3%          1
 Wereblood                Tmut           26%        N/A       4%          2
 Leda's Liquefaction      Hex/Erth       16%        N/A       17%         4
 Frozen Ramparts          Ice            36%        1d6       21%         3
 Hailstorm                Conj/Ice       18%        3d6       21%         3
 Spider Form              Tmut/Pois      18%        N/A       21%         3
 Manifold Assault         Tloc           26%        N/A       28%         4
 Passage of Golubria      Tloc           26%        N/A       28%         4
 Call Canine Familiar     Summ           9%         N/A       41%         3
 Ice Form                 Ice/Tmut       22%        N/A       41%         4
 Summon Ice Beast         Ice/Summ       13%        N/A       69%         4
 Alistair's Intoxication  Tmut/Pois      12%        N/A       88%         5
 Iskenderun's Battlesphe  Conj           18%        2d7       88%         5
 Fireball                 Conj/Fire      6%         3d5       95%         5
 Borgnjor's Vile Clutch   Necr/Erth      4%         N/A       99%         5
 Dispersal                Tloc           13%        N/A       99%         6
 Conjure Ball Lightning   Conj/Air       6%         3x3d6     100%        6
 Eringya's Noxious Bog    Tmut/Pois      9%         N/A       100%        6
 Simulacrum               Ice/Necr       6%         N/A       100%        6
 Orb of Destruction       Conj           9%         9d6       100%        7
 Storm Form               Tmut/Air       9%         N/A       100%        7
 Disjunction              Tloc           13%        N/A       100%        8


Dungeon Overview and Level Annotations

Branches:
Dungeon (11/15)            Temple (0/1) D:7            Lair (3/5) D:10
  Swamp (0/4) Lair:2          Orc (0/2) D:10          Sewer (visited)
 Bailey (visited)
  Snake: Lair:2-3    Spider: Lair:2-3

Altars:
Cheibriados
Dithmenos
Kikubaaqudgha
Makhleb
Qazlal
Wu Jian

Shops:
D:5 :   D:8 (

Annotations:
D:9 Gastronok
D:10 3 runed translucent doors, sastreii's ghost, journeyman OpBr
Lair:2 2 transporters


Innate Abilities, Weirdness & Mutations

Your natural rate of healing is accelerated.
You have razor-sharp teeth.
You have supernaturally acute eyesight. (SInv)
You are afflicted with vampirism and can become a bat while bloodless.


Message History

You freeze the electric eel!
You kill the electric eel!
The Council accepts your kill.
You spin and attack the bog body.
You hit the bog body.
The bog body is moderately damaged.
The bog body touches you but does no damage.
Casting: Ensorcelled Hibernation (safe; 1% risk of failure)
Confirm with . or Enter, or press ? or * to list all spells.
You can't see any susceptible monsters within range! (Use Z to cast anyway.) Unknown command.
Unknown command.
Casting: Ensorcelled Hibernation (safe; 1% risk of failure)
Confirm with . or Enter, or press ? or * to list all spells.
Your hands begin to glow red.
The bog body touches you! The bog body freezes you!!
* * * LOW HITPOINT WARNING * * *
The bog body casts a spell at you. The bolt of cold misses you.
You hit the bog body but do no damage.
The bog body is moderately damaged.
You hit the bog body but do no damage. Your bite misses the bog body.
The bog body is moderately damaged.
The bog body points at you and mumbles some strange words.
You resist with some effort.
You hit the bog body but do no damage.
The bog body is moderately damaged.
The bog body touches you but does no damage.
You hit the bog body but do no damage. Your bite misses the bog body.
The bog body is moderately damaged.
The bog body points at you and mumbles some strange words.
The bolt of cold hits you!!
* * * LOW HITPOINT WARNING * * *
You hit the bog body but do no damage.
The bog body is moderately damaged.
The bog body touches you but does no damage.
Unknown command.
You feel much better. The bog body casts a spell at you.
The bolt of cold hits you!!
You die...

###.#.# #######..P#####.# .....##
................. .....#
##......##..#.##. .....###
#.....####.####. .......# ##....#
#.####. .......♣ #....# ##..≈##.
..♣♣♣♣♣♣♣♣♣♣♣♣♣♣♣♣♣....###...≈≈≈.
♣♣♣~~~♣~≈~≈~≈♣~n~≈♣♣...#P#..≈..≈≈
.......♣...♣..§§@~♣♣.......≈≈≈≈~~
...♣..........§§§°♣♣.....≈≈≈...##
♣♣♣~~~≈♣~≈≈~♣♣♣§§§♣♣...##.###..##
..♣♣♣♣♣♣♣♣♣♣♣ ♣♣♣♣♣....#### ##..#
....... ♣♣♣♣♣♣........#.#####.P#
....P## #.....♣.#.#....#.#....##
....### ###....###.#...........##
....##.##.......................#
.................................


You could see a bog body.

Vanquished Creatures
  2 two-headed ogres (D:10)
  Erica (Lair:1)
  5 death yaks (Lair:2)
  A boulder beetle (Lair:1)
  A deep troll (D:10)
  A harpy (shapeshifter) (D:11)
  3 orc knights (Bailey)
  An ugly thing (D:11)
  8 elephants
  2 black mambas
  A gargoyle (D:10)
  5 cane toads
  The ghost of Dirtsage the Cleaver, a novice DsBe of Trog (D:5)
  4 rime drakes
  A komodo dragon (Lair:1)
  A troll (D:9)
  2 polar bears
  3 wraiths
  A shadow (D:11)
  Eustachio (D:6)
  49 yaks
  A steam dragon (D:8)
  5 basilisks
  2 wyverns
  5 vampire mosquitoes
  A swamp worm (Lair:2)
  An acid dragon (D:11)
  10 water moccasins
  A black bear (Lair:1)
  2 sky beasts
  7 ice beasts
  14 orc warriors
  4 ogres
  7 wolves
  2 centaurs
  A phantom (D:5)
  Blork the orc (D:6)
  2 kobold brigands (D:9)
  9 bullfrogs
  2 gnoll sergeants
  8 scorpions
  12 killer bees
  An electric eel (Lair:2)
  5 orc priests
  2 hounds (D:7)
  A jelly (D:5)
  2 gnoll boudas (D:8)
  2 sleepcaps (D:6)
  Crazy Yiuf (D:6)
  7 iguanas
  12 orc wizards
  10 adders
  21 gnolls
  5 river rats (Sewer)
  A shadow imp (D:8)
  2 white imps
  An ufetubus (D:4)
  7 worms
  A dart slug (D:4)
  43 orcs
  14 bats
  7 endoplasms
  12 giant cockroaches
  5 goblins
  7 hobgoblins
  10 jackals
  12 kobolds
  8 quokkas
  16 ball pythons
  2 frilled lizards
  3 rats
  A butterfly (Lair:1)
412 creatures vanquished.

Vanquished Creatures (collateral kills)
  3 gnolls (D:8)
3 creatures vanquished.

Grand Total: 415 creatures vanquished

Notes
Turn   | Place    | Note
-------+----------+-------------------------------------------
     0 | D:1      | tilp the Vampire Enchanter began the quest for the Orb.
     0 | D:1      | Reached XP level 1. HP: 13/13 MP: 3/3
    50 | D:1      | Found a faded altar of an unknown god.
   185 | D:1      | Reached XP level 2. HP: 13/20 MP: 5/5
   188 | D:1      | Learned a level 2 spell: Ensorcelled Hibernation
  1458 | D:2      | Reached skill level 1 in Fighting
  1458 | D:2      | Gained mutation: You are afflicted with vampirism and can
                  | become a bat while bloodless. [Vampire growth]
  1458 | D:2      | Reached XP level 3. HP: 11/26 MP: 0/6
  1568 | D:2      | Learned a level 3 spell: Confusing Touch
  2305 | D:3      | Found an ancient bone altar of Kikubaaqudgha.
  2353 | D:3      | Reached XP level 4. HP: 8/32 MP: 3/7
  2426 | D:3      | Found a glowing drain.
  2506 | Sewer    | Entered a sewer
  2767 | Sewer    | Reached skill level 5 in Stealth
  3259 | Sewer    | Reached skill level 5 in Hexes
  3265 | Sewer    | Reached XP level 5. HP: 34/38 MP: 2/9
  3763 | Sewer    | Learned a level 3 spell: Tukima's Dance
  4260 | D:3      | Noticed a water moccasin
  4270 | D:3      | Killed a water moccasin
  4271 | D:3      | Reached XP level 6. HP: 25/46 MP: 5/10
  4868 | D:4      | Found a stormy altar of Qazlal.
  4925 | D:4      | Found an ornate altar of the Wu Jian Council.
  4935 | D:4      | Became a worshipper of the Wu Jian Council
  5093 | D:4      | Reached XP level 7. HP: 51/51 MP: 9/12
  5303 | D:4      | Reached skill level 6 in Stealth
  5414 | D:4      | Learned a level 3 spell: Dazzling Flash
  5664 | D:5      | Entered Level 5 of the Dungeon
  5708 | D:5      | Found Dety's Book Emporium.
  5890 | D:5      | Found a large runed translucent door.
  5891 | D:5      | Found a large runed translucent door.
  6051 | D:5      | Reached XP level 8. HP: 60/60 MP: 14/14
  6111 | D:5      | Reached skill level 5 in Short Blades
  6111 | D:5      | Reached skill level 1 in Evocations
  6317 | D:5      | Reached * piety under Wu Jian
  6599 | D:5      | Reached skill level 7 in Stealth
  6633 | D:5      | Noticed Dirtsage's ghost (novice DsBe)
  6668 | D:5      | Found a shadowy altar of Dithmenos.
  6878 | D:6      | Noticed Blork the orc
  6890 | D:6      | Killed Blork the orc
  6997 | D:6      | Reached skill level 5 in Spellcasting
  7143 | D:6      | Found a runed translucent door.
  7144 | D:6      | Noticed Crazy Yiuf
  7367 | D:6      | Noticed Eustachio
  7388 | D:6      | Reached skill level 5 in Fighting
  7388 | D:6      | Reached XP level 9. HP: 25/68 MP: 3/16
  7405 | D:6      | Reached skill level 8 in Stealth
  7531 | D:6      | Killed Eustachio
  7616 | D:6      | Found a snail-covered altar of Cheibriados.
  7618 | D:6      | Found a burning altar of Makhleb.
  7838 | D:6      | Killed Crazy Yiuf
  8165 | D:7      | Reached skill level 9 in Stealth
  8195 | D:7      | Found a staircase to the Ecumenical Temple.
  8447 | D:7      | Reached ** piety under Wu Jian
  8910 | D:8      | Reached XP level 10. HP: 64/76 MP: 5/17
  8912 | D:8      | Reached skill level 10 in Stealth
  9006 | D:8      | Identified the +0 long sword "Xaonis" {flame, rC+ Str+4}
  9010 | D:8      | Found Cuqaikow's Antique Weapon Boutique.
 10066 | D:9      | Reached skill level 10 in Short Blades
 10112 | D:9      | Found a flagged portal.
 10122 | Bailey   | Entered a bailey
 10467 | Bailey   | Noticed an orc knight
 10516 | Bailey   | Killed an orc knight
 10519 | Bailey   | Reached *** piety under Wu Jian
 10582 | Bailey   | Noticed an orc knight
 10638 | Bailey   | Killed an orc knight
 10670 | Bailey   | Noticed an orc knight
 10698 | Bailey   | Killed an orc knight
 10699 | Bailey   | Reached skill level 5 in Dodging
 10794 | Bailey   | Reached skill level 11 in Stealth
 10874 | Bailey   | Acquired 433 gold pieces
 11497 | D:9      | Reached XP level 11. HP: 76/85 MP: 4/20
 11679 | D:9      | Noticed Gastronok
 12058 | D:10     | Entered Level 10 of the Dungeon
 12469 | D:10     | Found a staircase to the Lair.
 12474 | D:10     | Reached skill level 12 in Stealth
 12776 | D:10     | Noticed a two-headed ogre
 12779 | D:10     | Found a staircase to the Orcish Mines.
 12790 | D:10     | Killed a two-headed ogre
 12942 | D:10     | Noticed a two-headed ogre
 12945 | D:10     | Killed a two-headed ogre
 12946 | D:10     | Reached skill level 1 in Ice Magic
 12987 | D:10     | Found a runed translucent gate.
 12987 | D:10     | Found a runed translucent gate.
 12987 | D:10     | Found a runed translucent gate.
 12989 | D:10     | Noticed sastreii's ghost (journeyman OpBr)
 13046 | D:10     | Noticed a deep troll
 13054 | D:10     | Killed a deep troll
 13055 | D:10     | Reached skill level 1 in Conjurations
 13745 | D:5      | Bought Great Wizards, Vol. VII for 360 gold pieces
 13751 | D:5      | Learned a level 5 spell: Yara's Violent Unravelling
 13789 | D:5      | Killed Dirtsage's ghost
 13812 | D:5      | Learned a level 2 spell: Blink
 13983 | D:11     | Noticed a harpy
 13989 | D:11     | Killed a harpy
 14042 | D:11     | Reached **** piety under Wu Jian
 14054 | D:11     | Reached skill level 1 in Translocations
 14054 | D:11     | Reached skill level 1 in Transmutations
 14275 | D:11     | Noticed a white ugly thing
 14290 | D:11     | Killed a white ugly thing
 15316 | Lair:1   | Entered Level 1 of the Lair of Beasts
 15321 | Lair:1   | Reached XP level 12. HP: 94/94 MP: 19/23
 15571 | Lair:1   | Noticed a boulder beetle
 15577 | Lair:1   | Killed a boulder beetle
 16003 | Lair:1   | Reached skill level 13 in Stealth
 16420 | Lair:1   | Reached ***** piety under Wu Jian
 16700 | Lair:1   | Noticed Erica
 16709 | Lair:1   | Killed Erica
 17385 | Lair:2   | Identified the +0 helmet of Jibei {Harm *Corrode Regen+
                  | Stlth+}
 17389 | Lair:2   | Noticed a death yak
 17391 | Lair:2   | Noticed a death yak
 17393 | Lair:2   | Noticed a death yak
 17393 | Lair:2   | Noticed a death yak
 17396 | Lair:2   | Noticed a death yak
 17881 | Lair:3   | Reached skill level 10 in Hexes
 18150 | Lair:3   | Reached XP level 13. HP: 103/103 MP: 22/25
 18463 | Lair:2   | Reached skill level 10 in Fighting
 18465 | Lair:2   | Reached skill level 1 in Armour
 18491 | Lair:2   | Found a transporter.
 18493 | Lair:2   | Found a transporter.
 18757 | Lair:2   | Reached skill level 14 in Stealth
 19039 | Lair:2   | Identified the +6 dagger "Kegu" {freeze, rF+ Str+2 SInv}
 19089 | Lair:2   | Found a staircase to the Swamp.
 19102 | Lair:2   | HP: 4/104 [bog body/bolt of cold (22)]
 19104 | Lair:2   | Killed from afar by a bog body

Illustrated notes

Levels and vault maps discovered:
D:1:      minmay_arrival_cross, layout_basic, shapermc_ecumenical_altar_ellora
D:2:      layout_basic, grunt_ministairs_10
D:3:      layout_rooms, mainiacjoe_overflow_24_doors, gup_sewer_entry_pipe
D:4:      layout_basic, kennysheep_mini, mainiacjoe_overflow_boulevard
D:5:      layout_cave_pools, nicolae_dithmenos_the_darkroom,
          ebering_ghost_disaster_area, serial_shops,
          nicolae_shop_tiny_waterfront, st_stairs_10,
          kennysheep_decorative_pillar, lemuel_flamethrower_2
D:6:      layout_basic, mainiacjoe_overflow_alcove_3, uniq_crazy_yiuf_cottage,
          uniq_blork_the_orc, uniq_eustachio
D:7:      layout_loops_cross, temple_fountains
D:8:      layout_basic, serial_shops, nicolae_shop_crystal
D:9:      layout_grid_maze, enter_bailey_2, uniq_gastronok
D:10:     dreamdust_cave_troll, layout_loops_cross, hellmonk_lair_entry_icy,
          gammafunk_ghost_nasty_kobolds
D:11:     layout_layer_cave
Lair:1:   layout_hall_layers, cheibrodos_lair_caveside_slide,
          lemuel_fruit_fields, grunt_megastairs_4, uniq_erica
Lair:2:   gammafunk_boulding_lane, layout_small_grid,
          nicolae_swamp_entry_splash_gauntlet, chequers_serial_rivers_small_a,
          grunt_megastairs_3
Lair:3:   layout_cave_pods, nicolae_spider_entry_non_spiders,
          serial_bayou_shore_b, serial_bayou_shore_b

Skill      XL: |  1  2  3  4  5  6  7  8  9 10 11 12 13 |
---------------+----------------------------------------+-----
Fighting       | 1 2 3 5 6 7 8 9 10 | 10.3
Short Blades   | 2 3 4 6 9 10 | 10.0
Stealth        | 5 6 7 9 11 12 13 14 | 14.1
Hexes          | 5 6 7 8 10 | 10.6
Spellcasting   | 3 4 5 6 7 8 |  8.4
Dodging        | 3 4 5 6 7 8 |  8.0
Evocations     | 2 3 4 |  4.0
Ice Magic      | 2 |  2.0
Conjurations   | 1 2 |  2.0
Translocations | 1 4 |  4.0
Transmutations | 1 4 |  4.0
Armour         | 2 |  2.3

Action                     |  1- 3 |  4- 6 |  7- 9 | 10-12 | 13-15 || total
---------------------------+-------+-------+-------+-------+-------++-------
  Melee: Dagger            |   139 |   168 |   178 |   504 |    90 ||  1079
         Bite              |    12 |    15 |    18 |    54 |    17 ||   116
  Throw: Dart              |       |       |       |       |     5 ||     5
   Cast: Ensorcelled Hiber |    34 |    56 |    75 |   190 |    11 ||   366
         Confusing Touch   |     1 |     5 |     8 |    20 |     7 ||    41
         Tukima's Dance    |       |       |     2 |    14 |       ||    16
         Dazzling Flash    |       |       |     3 |    20 |     2 ||    25
Ability: Lunge             |       |     1 |    25 |    71 |    11 ||   108
         Whirlwind         |       |       |     4 |    10 |     2 ||    16
    Use: Scroll            |     3 |     7 |     9 |    16 |     4 ||    39
         Potion            |       |     1 |       |     1 |     1 ||     3
   Stab: Sleeping          |    27 |    42 |    46 |   135 |    13 ||   263
         Confused          |       |     2 |     6 |    16 |     9 ||    33
         Invisible         |       |     2 |     3 |    18 |       ||    23
         Distracted        |       |       |     1 |       |       ||     1
 Armour: Robe              |    25 |    42 |    40 |    82 |       ||   189
         Leather armour    |       |       |       |    28 |    10 ||    38
  Dodge: Dodged            |    83 |   164 |    72 |   280 |    19 ||   618
  Block: Buckler           |    15 |    39 |    11 |    67 |     7 ||   139

Table legend: (Time is in decaauts)
 A = Elapsed time spent in this place.
 B = Non-inter-level travel time spent in this place.
 C = Inter-level travel time spent in this place.
 D = Time resting spent in this place.
 E = Time spent auto-exploring this place.
 F = Levels seen in this place.
 G = Mean time per level.
                   A        B        C        D        E       F      G
               +--------+--------+--------+--------+--------+-----+--------+
         Total |  19053 |  18019 |   1034 |   2439 |  11772 |  16 | 1190.8 |
       Dungeon |  13317 |  12336 |    981 |   1046 |   9064 |  11 | 1210.6 |
          Lair |   3380 |   3327 |     53 |    489 |   2143 |   3 | 1126.7 |
         Sewer |   1613 |   1613 |      0 |    650 |    324 |   1 | 1613.0 |
        Bailey |    742 |    742 |      0 |    254 |    240 |   1 |  742.0 |
               +--------+--------+--------+--------+--------+-----+--------+

Top non-repeatable levels by time:
     D:9: 1691 daAuts
   Sewer: 1613 daAuts
  Lair:1: 1596 daAuts
    D:10: 1362 daAuts
     D:5: 1346 daAuts
    D:11: 1313 daAuts
     D:1: 1178 daAuts
     D:6: 1145 daAuts
     D:8: 1130 daAuts
  Lair:2: 1070 daAuts
     D:3: 1061 daAuts
     D:7: 1060 daAuts
     D:2: 1032 daAuts
     D:4: 995 daAuts
  Bailey: 742 daAuts
